AoeStats
← Atesgecirmez

Marketplace

505720180Analyzed
1v1 RM · 23d ago on Sep 10, 2026· 27m 6s· 2 players
Game mode
Random Map
Map size
Tiny (2 player)
Population
200
Speed
Normal
Resources
Standard
Victory
Conquest
Starting age
Dark Age
Ending age
Imperial Age
RankedLock teamsTeams togetherTeam positionsShared explorationLock speedFull tech treeHidden civsTurbo modeCheats
Victory
Defeat
🇺🇸 Japanese · United States
787
+22
🇹🇷 Italians · Türkiye
780
-16
Atesgecirmez
10:37 Feudal Age
11:41 Double-Bit Axe
14:36 Bloodlines
15:52 Wheelbarrow
15:35 Forging
16:27 Horse Collar
27:14 Castle Age
25:24 Fletching
Megarocker
6:30 Loom
13:31 Feudal Age
14:04 Double-Bit Axe
15:38 Bloodlines
18:10 Forging
19:06 Scale Barding Armor
20:37 Man-at-Arms
22:17 Scale Mail Armor
23:00 Gold Mining
23:03 Town Watch
25:02 Arson
26:24 Wheelbarrow
Connection lost

Rejoining the realm…

Still unreachable

The connection could not be restored.

Session expired

The server has moved on; the page needs a fresh start.